 Dungeon Crawl Stone Soup version 0.21.1-1-g345015f (webtiles) character file.

1865 Kagorn the Sneak (level 8, -2/61 HPs)
             Began as a Vampire Berserker on June 4, 2018.
             Was a Priest of Trog.
             Slain by a bullfrog (5 damage)
             ... on level 6 of the Dungeon on June 5, 2018.
             The game lasted 01:18:08 (6731 turns).

Kagorn the Sneak (Vampire Berserker)                Turns: 6731, Time: 01:18:09

Health: -2/61      AC:  0    Str: 15 (16) XL:     8   Next: 90%
Magic:  6/8        EV: 22    Int: 10      God:    Trog [***...]
Gold:   91         SH:  0    Dex: 20      Spells: 7/7 levels left

rFire    . . .     SeeInvis +   (weapon currently unavailable)
rCold    . . .     Gourm    .   (shield currently unavailable)
rNeg     + . .     Faith    .   (armour currently unavailable)
rPois    .         Spirit   .   (helmet currently unavailable)
rElec    .         Reflect  .   (cloak currently unavailable)
rCorr    .         Harm     .   (gloves currently unavailable)
MR       .....                  (boots currently unavailable)
Stlth    ++++++....             (no amulet)
HPRegen  0.20/turn              (ring currently unavailable)
MPRegen  0.11/turn              (ring currently unavailable)

@: bat-form, flying, very quick
A: tiny, fangs 3, see invisible
a: End Transformation, Berserk, Trog's Hand, Burn Spellbooks, Renounce Religion


You were on level 6 of the Dungeon.
You worshipped Trog.
Trog was most pleased with you.
You were not thirsty.
You were in vampire-bat-form.
You visited 2 branches of the dungeon, and saw 7 of its levels.

You collected 262 gold pieces.
You spent 171 gold pieces at shops.

Inventory:

Hand Weapons
 a - a +0 short sword
 b - the cursed +1 hand crossbow of the Vestibule of Hell (melded) {flame, Int+6}
   (You found it on level 6 of the Dungeon)

   It causes projectiles fired from it to burn those they strike, causing extra
   injury to most foes and up to half again as much damage against particularly
   susceptible opponents.
   It affects your intelligence (+6).
   It has a curse placed upon it.
 g - a +0 halberd
 k - a +2 vampiric spear
 l - a cursed -3 battleaxe
 p - a +2 falchion of protection
Missiles
 i - 7 poisoned javelins (quivered)
Armour
 h - a +2 helmet of intelligence (melded)
 j - a cursed +0 scale mail (melded)
 o - a +1 pair of gloves (melded)
 r - a +0 chain mail
 x - a +2 shield (melded)
Wands
 u - a wand of paralysis (7)
Scrolls
 e - a scroll of identify
 t - 2 scrolls of enchant armour
 v - a scroll of blinking
Potions
 c - 6 potions of blood
 f - 3 potions of magic
 m - 2 potions of agility


   Skills:
 + Level 4.4 Fighting
 - Level 5.0(6.5) Short Blades
 - Level 5.6(6.4) Long Blades
 * Level 3.1 Polearms
 + Level 3.7 Armour
 + Level 3.7 Dodging
 * Level 6.7 Stealth
 + Level 2.8 Shields


You had 7 spell levels left.
You didn't know any spells.

Dungeon Overview and Level Annotations

Branches:
Dungeon (6/15)             Temple (1/1) D:5

Altars:
Ashenzari
Cheibriados
Dithmenos
Fedhas
Gozag
Hepliaklqana
Kikubaaqudgha
Makhleb
Nemelex Xobeh
Okawaru
Qazlal
Ru
Sif Muna
Trog
Uskayaw
Vehumet
Wu Jian
Xom
Yredelemnul
Zin
The Shining One

Shops:
D:5 *


Innate Abilities, Weirdness & Mutations

You have razor-sharp teeth.
You have supernaturally acute eyesight. (SInv)
((You can survive without breathing.))


Message History

* * * LOW HITPOINT WARNING * * *
The bullfrog barely misses you.
You clumsily bash the bullfrog but do no damage.
The bullfrog is severely wounded.
You block the bullfrog's attack.
The bullfrog hits you but does no damage.
The bullfrog barely misses you.
You closely miss the bullfrog.
The bullfrog is severely wounded.
The bullfrog hits you but does no damage. x2
You turn into a vampire bat.
The cursed +1 hand crossbow of the Vestibule of Hell {flame, Int+6} melds into your body.
Your +2 helmet of intelligence melds into your body.
Your +1 pair of gloves melds into your body.
Your +2 shield melds into your body.
Your cursed +0 scale mail melds into your body.
The cursed +1 hand crossbow of the Vestibule of Hell {flame, Int+6} stops flaming.
You feel stupid. The bullfrog closely misses you. The bullfrog hits you.
You die...

.........#....# +.##w
......##.#....# #.###
......##.#....# #..._
......##.###### #.8$
.....###.#######.###_..###
.....#...........#.# #...# .
###.##.#.#########.#####'#
...
#.##.#>........#....#..#...#
#.##.########.bF.........#
###.##.# ############.#
....##.# .# .....#.# #
####.#.# #.#.# .###.#.#
.......# .###.###


You could see a bullfrog.

Vanquished Creatures
  The ghost of diana the Slasher, an amateur DsGl of Dithmenos (D:4)
  The ghost of Endymion the Slasher, an amateur BaSk (D:5)
  Menkaure (D:6)
  2 ice beasts
  An ogre (D:5)
  2 centaurs
  A bullfrog (D:6)
  A gnoll sergeant (D:5)
  2 scorpions (D:6)
  4 crimson imps (D:6)
  3 orc wizards
  3 orc priests
  A hound (D:5)
  2 iguanas
  A worker ant (D:5)
  2 hound zombies
  A hound skeleton (D:4)
  6 gnolls
  5 adders
  A shadow imp (D:6)
  3 worms
  5 dart slugs
  2 leopard geckos (D:1)
  26 orcs
  5 giant cockroaches
  7 hobgoblins
  4 jackals (D:4)
  7 kobolds
  2 quokkas
  A ball python (D:1)
  5 bats
  4 frilled lizards
  8 goblins
  A leopard gecko zombie (D:5)
  5 rats
  A withered plant (D:2)
127 creatures vanquished.

Vanquished Creatures (others)
  2 quokkas (D:6)
2 creatures vanquished.

Grand Total: 129 creatures vanquished

Notes
Turn   | Place    | Note
-------+----------+-------------------------------------------
     0 | D:1      | Kagorn the Vampire Berserker began the quest for the Orb.
     0 | D:1      | Reached XP level 1. HP: 17/17 MP: 1/1
     6 | D:1      | Noticed a black mamba
     6 | D:1      | Noticed a black bear
     6 | D:1      | Noticed a swamp worm
     7 | D:1      | Noticed a wolf
     7 | D:1      | Noticed a wyvern
   108 | D:1      | Reached XP level 2. HP: 8/23 MP: 2/2
   454 | D:1      | Reached XP level 3. HP: 25/29 MP: 3/3
   964 | D:1      | Reached ** piety under Trog
  1300 | D:2      | Reached skill level 1 in Stealth
  1325 | D:2      | Found an ancient bone altar of Kikubaaqudgha.
  1329 | D:2      | Found a blossoming altar of Fedhas.
  1723 | D:2      | Found a shattered altar of Ashenzari.
  1793 | D:2      | Found a basalt altar of Yredelemnul.
  1837 | D:2      | Found a deep blue altar of Sif Muna.
  1837 | D:2      | Found a shadowy altar of Dithmenos.
  1952 | D:3      | Found a snail-covered altar of Cheibriados.
  2017 | D:3      | Reached XP level 4. HP: 31/35 MP: 4/4
  2212 | D:3      | Reached skill level 2 in Stealth
  2446 | D:3      | Found a shadowy altar of Dithmenos.
  2771 | D:3      | Reached XP level 5. HP: 41/41 MP: 5/5
  2945 | D:4      | Noticed diana's ghost (amateur DsGl)
  2961 | D:4      | Killed diana's ghost
  2961 | D:4      | Reached skill level 1 in Long Blades
  2961 | D:4      | Reached skill level 3 in Stealth
  2962 | D:4      | Reached XP level 6. HP: 47/47 MP: 6/6
  2982 | D:4      | Reached skill level 5 in Short Blades
  3158 | D:4      | Found a stormy altar of Qazlal.
  3564 | D:4      | Found a glowing silver altar of Zin.
  4169 | D:5      | Entered Level 5 of the Dungeon
  4175 | D:5      | Found Dinokaum's Assorted Antiques.
  4185 | D:5      | Reached skill level 4 in Stealth
  4189 | D:5      | Reached XP level 7. HP: 53/53 MP: 7/7
  4242 | D:5      | Bought a runed helmet for 135 gold pieces
  4325 | D:5      | Found an ornate altar of the Wu Jian Council.
  4548 | D:5      | Noticed Endymion's ghost (amateur BaSk)
  4565 | D:5      | Killed Endymion's ghost
  4565 | D:5      | Reached skill level 5 in Stealth
  4565 | D:5      | Reached skill level 1 in Shields
  4747 | D:5      | Reached skill level 5 in Long Blades
  4747 | D:5      | Reached XP level 8. HP: 39/60 MP: 8/8
  4939 | D:5      | Reached *** piety under Trog
  5060 | D:5      | Gained mutation: You are weak. (Str -2) [potion of mutation]
  5060 | D:5      | Lost mutation: You are weak. (Str -2) [potion of mutation]
  5307 | D:5      | Found a staircase to the Ecumenical Temple.
  5338 | Temple   | Entered the Ecumenical Temple
  5663 | D:5      | Bought a scroll of identify for 36 gold pieces
  5726 | D:6      | Noticed Menkaure
  5759 | D:6      | Killed Menkaure
  5759 | D:6      | Reached skill level 1 in Polearms
  5759 | D:6      | Reached skill level 6 in Stealth
  6338 | D:6      | Got a bloodstained hand crossbow
  6494 | D:6      | Identified the cursed +1 hand crossbow of the Vestibule of Hell {flame, Int+6} (You found it on level 6 of the Dungeon)
  6654 | D:6      | Found a hazy altar of Hepliaklqana.
  6656 | D:6      | Found a shimmering altar of Xom.
  6656 | D:6      | Noticed a tyrant leech
  6728 | D:6      | HP: 2/61 [bullfrog (7)]
  6731 | D:6      | Slain by a bullfrog

Skill      XL: |  1  2  3  4  5  6  7  8 |
---------------+-------------------------+-----
Fighting       | 3 4 |  4.4
Stealth        | 1 2 3 4 5 6 |  6.7
Short Blades   | 4 5 |  5.0
Armour         | 2 3 |  3.7
Long Blades    | 1 2 5 |  5.6
Dodging        | 3 |  3.7
Shields        | 1 2 |  2.8
Polearms       | 3 |  3.1

Action                   |  1- 3 |  4- 6 |  7- 9 || total
-------------------------+-------+-------+-------++-------
Melee: Short sword       |   194 |    25 |       ||   219
       Bite              |    20 |    18 |    76 ||   114
       Falchion          |       |   114 |   126 ||   240
       Spear             |       |       |   217 ||   217
       Hand crossbow     |       |       |   106 ||   106
Invok: Berserk           |     1 |     3 |     3 ||     7
       Trog's Hand       |       |     3 |     3 ||     6
 Abil: Bat Form          |       |       |     1 ||     1
  Use: Potion            |     7 |     8 |    26 ||    41
       Scroll            |     1 |     3 |     4 ||     8
 Stab: Sleeping          |       |       |     1 ||     1
Armor: Scale mail        |    32 |    20 |   153 ||   205
       Animal skin       |     2 |       |       ||     2
       Chain mail        |       |    53 |    50 ||   103
Dodge: Dodged            |    77 |    54 |   118 ||   249
Block: Shield            |       |    19 |   255 ||   274
       Rpst.: Falchion   |       |    18 |     8 ||    26
